 Dungeon Crawl Stone Soup version 0.24-a0-217-g1152973 (webtiles) character file.

Game seed: 13826326732417186625

4932 xeno23 the Covert (level 10, -8/68 HPs)
             Began as an Octopode Assassin on Mar 29, 2019.
             Was a Follower of Uskayaw.
             Mangled by Harold
             ... wielding a +0 flail
              (18 damage)
             ... on level 10 of the Dungeon.
             The game lasted 00:37:32 (8828 turns).

xeno23 the Covert (Octopode Assassin)               Turns: 8828, Time: 00:37:33

Health: -8/68      AC:  1    Str: 13    XL:     10   Next: 52%
Magic:  13/13      EV:  9    Int: 16    God:    Uskayaw [*.....]
Gold:   616        SH:  0    Dex: 15    Spells: 9/9 levels left

rFire    + . .     SeeInvis .   a - +0 short sword (elec)
rCold    . . .     Gourm    .   (no shield)
rNeg     . . .     Faith    .   (helmet restricted)
rPois    .         Spirit   .   g - +3 amulet of reflection
rElec    .         Reflect  +   j - +3 ring of intelligence
rCorr    .         Harm     .   p - ring of protection from fire
MR       .....                  (no ring)
Stlth    ++++++....             (no ring)
HPRegen  0.21/turn              (no ring)
MPRegen  0.13/turn              (no ring)
                                (no ring)
                                (no ring)

@: held
A: almost no armour, stealthy swim, amphibious, 8 rings, constrict 8, camouflage
1, gelatinous body 1
a: Stomp, Renounce Religion


You were on level 10 of the Dungeon.
You worshipped Uskayaw.
Uskayaw was noncommittal.
You were near starving.

You visited 2 branches of the dungeon, and saw 11 of its levels.
You also visited: Sewer.

You collected 616 gold pieces.

Inventory:

Hand Weapons
 a - a +0 short sword of electrocution (weapon)
 n - a +0 hunting sling
 s - a +0 blowgun
 J - a +1 falchion of holy wrath
 Q - a +1 dagger of draining
Missiles
 c - 40 poisoned needles
 d - 2 curare-tipped needles
 m - 88 sling bullets
Jewellery
 g - a +3 amulet of reflection (around mantle)
 j - a +3 ring of intelligence (left tentacle)
 p - a ring of protection from fire (right tentacle)
Wands
 A - a wand of disintegration (7)
 D - a wand of flame (14)
 I - a wand of acid (18)
Scrolls
 e - 2 scrolls of noise {unknown}
 h - 4 scrolls of enchant armour
 i - a scroll of identify
 k - 3 scrolls of amnesia
 l - 6 scrolls of fog
 o - 2 scrolls of immolation {unknown}
 r - 4 scrolls of remove curse
 t - 3 scrolls of magic mapping {unknown}
 v - a scroll of fear {unknown}
 x - 3 scrolls of teleportation
 y - a scroll of enchant weapon {unknown}
 F - a scroll of torment {unknown}
 L - 5 scrolls of silence
 N - a scroll of random uselessness {unknown}
 P - 2 scrolls of summoning {unknown}
Potions
 b - a potion of brilliance
 q - 2 potions of magic
 w - 4 potions of might
 z - 2 potions of cancellation
 C - 6 potions of curing
 E - a potion of experience
 G - 3 potions of flight
 H - 2 potions of heal wounds
 K - a potion of ambrosia
 M - a potion of invisibility
 O - 2 potions of agility
 R - a potion of berserk rage
Comestibles
 B - 21 rations


   Skills:
 + Level 5.7 Fighting
 * Level 8.0 Short Blades
 + Level 5.5 Throwing
 + Level 5.3 Dodging
 * Level 11.8 Stealth
 + Level 3.4 Invocations
 + Level 4.1 Evocations


You had 9 spell levels left.
You didn't know any spells.
Your spell library contained the following spells:

 Spells                   Type           Power        Failure   Level  Hunger
 Magic Dart               Conj           #...         26%         1    ##.....
 Blink                    Tloc           N/A          36%         2    ###....
 Call Imp                 Summ           #.......     36%         2    ###....
 Slow                     Hex            #.......     36%         2    ###....
 Conjure Flame            Conj/Fire      #.......     58%         3    ####...
 Mephitic Cloud           Conj/Pois/Air  #.......     58%         3    ####...


Dungeon Overview and Level Annotations

Branches:
Dungeon (10/15)            Temple (1/1) D:6
   Lair: D:8-11         Orc: D:9-12

Altars:
Ashenzari
Cheibriados
Dithmenos
Elyvilon
Fedhas
Gozag
Hepliaklqana
Kikubaaqudgha
Makhleb
Nemelex Xobeh
Okawaru
Qazlal
Ru
Sif Muna
Trog
Uskayaw
Vehumet
Wu Jian
Xom
Yredelemnul
Zin
The Shining One

Annotations:
D:8 4 runed translucent doors
D:10 Harold


Innate Abilities, Weirdness & Mutations

You cannot wear most types of armour.
You are very stealthy in the water. (Stealth+)
You are amphibious.
You can wear up to eight rings at the same time.
You can use your tentacles to constrict eight enemies at once.
Your skin changes colour to match your surroundings (Stealth+).
Your rubbery body absorbs attacks. (AC +1, EV +1)


Message History

Harold suddenly stops moving!
You tear a large gash into the net.
You struggle against the net.
You struggle against the net.
You shred the net and break free!
Wield which item (- for none, * to show all)? (? for menu, Esc to quit)
You hear the crackle of electricity.
a - a +0 short sword of electrocution (weapon)
Harold is no longer paralysed.
Harold throws a throwing net.
The throwing net hits you.
You become entangled in the net!
You see here a throwing net.
You struggle against the net.
You struggle against the net.
Harold hits you with a +0 flail!
* * * LOW HITPOINT WARNING * * *
You take 16 damage.
You struggle against the net.
Harold hits you with a +0 flail!
* * * LOW HITPOINT WARNING * * *
You take 9 damage.
You struggle against the net.
Harold hits you with a +0 flail!!
You die...

##### ############
#.<.# #..........#
###...# #..........#
......######..........#
................@@(((.#
....########.########(#
###.# #. #.# ....#
######.########.# .....
........@.......#
#.....................#
.##########)#######.#
ā‰ˆ.ā‰ˆ. #....#
Pā‰ˆ...% #....#


You could see Harold.

Vanquished Creatures
  Grinder (D:6)
  Sigmund (D:5)
  A wyvern (D:9)
  6 yaks (D:9)
  Eustachio (D:5)
  A water moccasin (D:9)
  A sky beast (D:3)
  3 orc warriors
  An ice beast (D:7)
  2 phantoms
  6 ogres
  2 centaurs
  A crocodile (D:8)
  5 big kobolds
  3 bullfrogs
  A scorpion (D:9)
  A killer bee (D:9)
  3 howler monkeys
  2 crimson imps
  5 hounds
  2 jellies
  5 orc priests
  4 orc wizards
  A bullfrog skeleton (D:5)
  Natasha (D:2)
  An iguana (D:6)
  8 worker ants
  Terence (D:2)
  2 hound zombies
  A hound skeleton (D:7)
  A worker ant zombie (D:6)
  Robin (D:3)
  2 howler monkey skeletons (D:4)
  10 adders
  3 shadow imps
  2 oozes (Sewer)
  An adder zombie (D:6)
  An adder skeleton (D:6)
  3 worms
  2 dart slugs
  2 leopard geckos
  29 orcs
  7 giant cockroaches
  19 goblins
  6 hobgoblins
  7 jackals
  5 quokkas
  4 ball pythons
  11 bats
  3 frilled lizards
  27 kobolds
  2 quokka zombies
  15 rats
236 creatures vanquished.

Vanquished Creatures (others)
  14 plants (D:10)
14 creatures vanquished.

Grand Total: 250 creatures vanquished

Notes
Turn   | Place    | Note
-------+----------+-------------------------------------------
     0 | D:1      | xeno23 the Octopode Assassin began the quest for the Orb.
     0 | D:1      | Reached XP level 1. HP: 14/14 MP: 1/1
    71 | D:1      | Reached XP level 2. HP: 14/19 MP: 2/2
   406 | D:1      | Reached XP level 3. HP: 19/24 MP: 3/3
   583 | D:2      | Noticed Terence
   600 | D:2      | Killed Terence
   600 | D:2      | Reached skill level 6 in Stealth
   600 | D:2      | Reached XP level 4. HP: 23/30 MP: 4/4
   815 | D:2      | Noticed Natasha
   869 | D:2      | Killed Natasha
  1105 | D:2      | Reached XP level 5. HP: 23/35 MP: 5/5
  1302 | D:3      | Noticed Robin
  1336 | D:3      | Killed Robin
  1499 | D:3      | Noticed a phantom
  1664 | D:3      | HP: 1/36 [phantom (9)]
  1676 | D:3      | Killed a phantom
  1676 | D:3      | Reached skill level 7 in Stealth
  1676 | D:3      | Reached XP level 6. HP: 3/42 MP: 6/6
  2246 | D:4      | Noticed a sky beast
  2507 | D:3      | Killed a sky beast
  2638 | D:4      | Reached XP level 7. HP: 35/46 MP: 7/7
  3258 | D:5      | Entered Level 5 of the Dungeon
  3268 | D:5      | Noticed Sigmund
  3273 | D:5      | Killed Sigmund
  3273 | D:5      | Reached skill level 8 in Stealth
  3423 | D:5      | Found a glowing drain.
  3452 | Sewer    | Entered a sewer
  3566 | Sewer    | Reached skill level 5 in Short Blades
  3568 | Sewer    | Reached XP level 8. HP: 18/54 MP: 8/8
  3854 | D:5      | Reached skill level 9 in Stealth
  3977 | D:5      | Noticed Eustachio
  3994 | D:5      | Killed Eustachio
  4262 | D:6      | Reached skill level 1 in Evocations
  4583 | D:6      | Reached XP level 9. HP: 59/59 MP: 10/10
  4637 | D:6      | Found a staircase to the Ecumenical Temple.
  4675 | Temple   | Entered the Ecumenical Temple
  4776 | Temple   | Became a worshipper of Uskayaw the Reveler
  4960 | D:6      | Noticed Grinder
  4962 | D:6      | Killed Grinder
  4962 | D:6      | Reached skill level 10 in Stealth
  4962 | D:6      | Reached * piety under Uskayaw
  4975 | D:6      | Reached ** piety under Uskayaw
  5262 | D:7      | Reached skill level 1 in Invocations
  5389 | D:7      | Reached *** piety under Uskayaw
  5396 | D:7      | Reached **** piety under Uskayaw
  5912 | D:7      | Found a glowing golden altar of the Shining One.
  6131 | D:7      | Reached skill level 5 in Fighting
  6178 | D:7      | Found a white marble altar of Elyvilon.
  6538 | D:8      | Reached skill level 5 in Throwing
  6665 | D:8      | Reached skill level 11 in Stealth
  6694 | D:8      | Found a huge runed translucent gate.
  6694 | D:8      | Noticed a polar bear
  6695 | D:8      | Found a huge runed translucent gate.
  6695 | D:8      | Found a huge runed translucent gate.
  6695 | D:8      | Found a huge runed translucent gate.
  6695 | D:8      | Noticed a polar bear
  6695 | D:8      | Noticed a polar bear
  6696 | D:8      | Noticed a polar bear
  6696 | D:8      | Noticed a polar bear
  6696 | D:8      | Noticed a polar bear
  6853 | D:8      | Found a sacrificial altar of Ru.
  7009 | D:9      | Reached XP level 10. HP: 66/66 MP: 12/12
  7041 | D:9      | Reached skill level 5 in Dodging
  8404 | D:10     | Entered Level 10 of the Dungeon
  8784 | D:10     | Noticed Harold
  8828 | D:10     | Mangled by Harold

Levels and vault maps discovered:
D:1:      lemuel_arrival_funnel, layout_basic
D:2:      layout_basic, first_ration, uniq_terence, uniq_natasha
D:3:      layout_basic, uniq_robin
D:4:      layout_cave_pods
D:5:      layout_basic, serial_glass, glass_columns_b, glass_columns_a,
          cheibrodos_sewer_entry_bend, uniq_eustachio, uniq_sigmund
D:6:      layout_loops_ring, minmay_temple_entry_arrows, serial_rivers,
          chequers_serial_rivers_marsh, chequers_serial_rivers_micro_b,
          chequers_serial_rivers_micro_d, chequers_serial_rivers_micro_c,
          patterned_corridor, uniq_grinder
D:7:      minmay_chambers_of_sixes, layout_gridville,
          lemuel_coloured_pillars_altar, tso_metal_star
D:8:      lemuel_bear_cage, layout_basic, basic_altar
D:9:      layout_grid_maze
D:10:     layout_long_grid, hangedman_ranch [blue_anna_fruit_fields],
          nicolae_looking_at_the_future, uniq_harold
Temple:   kilobyte_greek_temple
Sewer:    kennysheep_pipe_town

Skill      XL: |  1  2  3  4  5  6  7  8  9 10 |
---------------+-------------------------------+-----
Stealth        | 6 7 8 9 11 | 11.8
Short Blades   | 3 4 5 6 7 8 |  8.0
Dodging        | 2 3 4 5 |  5.3
Fighting       | 3 4 5 |  5.7
Throwing       | 3 4 5 |  5.5
Evocations     | 1 3 4 |  4.1
Invocations    | 2 3 |  3.4

Action                   |  1- 3 |  4- 6 |  7- 9 | 10-12 || total
-------------------------+-------+-------+-------+-------++-------
Melee: Dagger            |    43 |   147 |    98 |       ||   288
       Constrict         |    11 |    24 |    51 |     7 ||    93
       Tentacles         |     5 |    20 |    50 |    12 ||    87
       Short sword       |       |       |   179 |    52 ||   231
 Fire: Blowgun           |     4 |     4 |    20 |    43 ||    71
       Hunting sling     |       |     8 |       |       ||     8
  Use: Scroll            |       |       |    15 |     6 ||    21
       Potion            |       |       |       |     1 ||     1
 Stab: Sleeping          |    12 |     8 |    32 |     6 ||    58
       Distracted        |       |       |     1 |     1 ||     2
       Paralysed         |       |       |     7 |     2 ||     9
  Eat: Chunk             |       |     4 |    15 |     4 ||    23
Armor: Skin              |     4 |     7 |     3 |       ||    14
Dodge: Dodged            |    15 |    66 |   126 |    49 ||   256
Block: Other             |       |    10 |    14 |    14 ||    38
       Reflection        |       |     2 |       |     1 ||     3

Table legend:
 A = Non-vault XP
 B = Vault XP
 C = Vault XP percentage of total XP
 D = Non-vault monster count
 E = Vault monster count
 F = Vault count percentage of total count
                 A         B        C        D         E       F
            +---------+---------+-------+---------+---------+-------
      Total |    5467 |    1580 |  22.4 |     187 |      49 |  20.8
            +---------+---------+-------+---------+---------+-------
        D:1 |      37 |       0 |   0.0 |      23 |       0 |   0.0
        D:2 |      60 |      68 |  53.1 |      17 |       2 |  10.5
        D:3 |     374 |      38 |   9.2 |      35 |      13 |  27.1
        D:4 |     211 |       0 |   0.0 |      12 |       0 |   0.0
        D:5 |     359 |     413 |  53.5 |      11 |       3 |  21.4
        D:6 |     515 |     290 |  36.0 |      17 |       1 |   5.6
        D:7 |     524 |     344 |  39.6 |      17 |       5 |  22.7
        D:8 |    1079 |       0 |   0.0 |      29 |       0 |   0.0
        D:9 |    2196 |       0 |   0.0 |      25 |       0 |   0.0
       D:10 |     112 |      92 |  45.1 |       1 |       1 |  50.0
      Sewer |       0 |     335 | 100.0 |       0 |      24 | 100.0
            +---------+---------+-------+---------+---------+-------
